 Dungeon Crawl Stone Soup version 0.21.1-1-g345015f (webtiles) character file.

39 tidbits the Insei (level 3, 6/28 HPs)
             Began as a Gnoll Transmuter on Feb 19, 2018.
             Quit the game on level 3 of the Dungeon.
             The game lasted 00:02:37 (328 turns).

tidbits the Insei (Gnoll Transmuter)                 Turns: 328, Time: 00:02:38

Health: 6/28       AC:  4    Str: 12    XL:     3   Next: 47%
Magic:  9/9        EV: 14    Int: 16    God:
Gold:   13         SH:  0    Dex: 15    Spells: 8/12 levels left

rFire    . . .     SeeInvis .     - Unarmed
rCold    . . .     Gourm    .   (no shield)
rNeg     . . .     Faith    .   B - +1 robe
rPois    .         Spirit   .   (no helmet)
rElec    .         Reflect  .   (no cloak)
rCorr    .         Harm     +   G - +0 pair of gloves
MR       .....                  (no boots)
Stlth    ++........             h - amulet of harm
HPRegen  0.09/turn              (no ring)
MPRegen  0.11/turn              (no ring)

@: no status effects
A: distributed training, fangs 1, strong nose
a: no special abilities


You were on level 3 of the Dungeon.
You were not hungry.

You visited 1 branch of the dungeon, and saw 4 of its levels.

You collected 13 gold pieces.

Inventory:

Hand Weapons
 i - a +0 war axe
Missiles
 a - 42 arrows
Armour
 B - a +1 robe (worn)
 G - a +0 pair of gloves (worn)
Jewellery
 h - an amulet of harm (around neck)
   (You found it on level 2 of the Dungeon)
Scrolls
 e - a scroll of identify {unknown}
 f - a scroll of fear {unknown}
 g - a scroll of enchant armour
Books
 c - a book of Changes

   Spells                             Type                      Level
   a - Beastly Appendage              Transmutation                1
   b - Sticks to Snakes               Transmutation                2
   c - Spider Form                    Transmutation/Poison         3
   d - Ice Form                       Ice/Transmutation            4
   e - Blade Hands                    Transmutation                5
 j - the Papyrus of Dark Confrontation
   (You found it on level 4 of the Dungeon)

   Spells                             Type                      Level
   a - Sting                          Conjuration/Poison           1
   b - Conjure Flame                  Conjuration/Fire             3
   c - Dazzling Spray                 Conjuration/Hexes            3
   d - Animate Dead                   Necromancy                   4
   e - Orb of Destruction             Conjuration                  7
Comestibles
 d - a ration


   Skills:
 + Level 2.6 Fighting
 + Level 0.8 Short Blades
 + Level 0.8 Long Blades
 + Level 0.8 Axes
 + Level 0.8 Maces & Flails
 + Level 0.8 Polearms
 + Level 0.8 Staves
 + Level 0.8 Slings
 + Level 0.8 Bows
 + Level 0.8 Crossbows
 + Level 0.8 Throwing
 + Level 0.8 Armour
 + Level 4.5 Dodging
 + Level 0.8 Stealth
 + Level 0.8 Shields
 + Level 6.5 Unarmed Combat
 + Level 5.0 Spellcasting
 + Level 0.5 Conjurations
 + Level 0.5 Hexes
 + Level 0.5 Charms
 + Level 0.5 Summonings
 + Level 0.5 Necromancy
 + Level 0.5 Translocations
 + Level 3.7 Transmutations
 + Level 0.5 Fire Magic
 + Level 0.5 Ice Magic
 + Level 0.5 Air Magic
 + Level 0.5 Earth Magic
 + Level 0.5 Poison Magic
 + Level 1.0 Invocations
 + Level 0.8 Evocations


You had 8 spell levels left.
You knew the following spells:

 Your Spells              Type           Power        Failure   Level  Hunger
a - Sting                 Conj/Pois      #...         12%         1    None
e - Beastly Appendage     Tmut           ###...       3%          1    None
k - Sticks to Snakes      Tmut           ###.....     4%          2    #......


Dungeon Overview and Level Annotations

Branches:
Dungeon (4/15)
 Temple: D:4-7

Altars:
Dithmenos

Annotations:
D:3 Grinder


Innate Abilities, Weirdness & Mutations

Your experience applies equally to all skills.
You have very sharp teeth.
Your uncanny sense of smell can sniff out nearby items.


Message History

The gnoll is moderately wounded.
The gnoll hits you with a club.
* * * LOW HITPOINT WARNING * * *
Your adder closely misses the gnoll.
You punch the gnoll!
You kill the gnoll!
Things that are here:
a club; a scroll labeled XAYSACAUMM You swap places.
You swap places.
Your horns disappear.
Things that are here:
a club; a scroll labeled XAYSACAUMM
g - 2 scrolls labeled XAYSACAUMM (gained 1)
You swap places.
As you read the scroll labeled XAYSACAUMM, it crumbles to dust.
It is a scroll of enchant armour.
Your +0 robe glows green for a moment.
Adjust (i)tems, (s)pells, or (a)bilities?
Adjust which item? (? for menu, Esc to quit)
b - a +1 robe (worn)
Adjust to which letter? (? for menu, Esc to quit)
B - a +1 robe (worn)
Magic restored.
Your adder withers and dies!
You hear the rusting of a very distant drain.
Found 16 stones.
You see here 16 stones.
Found a pair of gloves.
You see here a pair of gloves.
b - a pair of gloves Wear which item? (? for menu, Esc to quit)
You start putting on your armour.
You continue putting on your pair of gloves. x4
You finish putting on your +0 pair of gloves.
Adjust (i)tems, (s)pells, or (a)bilities?
Adjust which item? (? for menu, Esc to quit)
b - a +0 pair of gloves (worn)
Adjust to which letter? (? for menu, Esc to quit)
G - a +0 pair of gloves (worn)
A hound comes into view.
Found a stone staircase leading up.
Casting: Sticks to Snakes
Confirm with . or Enter, or press ? or * to list all spells.
Your feet morph into talons.
The hound barks!
Casting: Beastly Appendage
Confirm with . or Enter, or press ? or * to list all spells.
You create a snake!
You now have 42 arrows.
The hound bites you but does no damage.
You closely miss the hound. Your kick misses the hound.
The hound closely misses you. x2
You hit the hound. Your kick misses the hound.
The hound is moderately wounded.
The hound bites you.
* * * LOW HITPOINT WARNING * * *
Your adder bites the hound.
The hound is poisoned.
Your adder poisons the hound!
You closely miss the hound. Your kick misses the hound.
The hound is moderately wounded.
The hound bites you.
* * * LOW HITPOINT WARNING * * *
Your adder bites the hound.
You hit the hound.
You kill the hound!
Your Spellcasting skill increases to level 5!
Your Invocations skill increases to level 1!
You have reached level 3!
Your experience leads to an increase in your attributes!
Increase (S)trength, (I)ntelligence, or (D)exterity?
You feel clever.
Memorise Sting, consuming 1 spell level and leaving 8?
You start memorising the spell.
You continue memorising.
You finish memorising.
Spell assigned to 'a'.
You see here a hound corpse.
Your transformation is almost over.
There is a stone staircase leading up here.
You climb upwards.
Your summoned ally is left behind.
There is a stone staircase leading down here.
Unknown command.
Found a scale mail and 13 gold pieces.
Your talons disappear.
You see here a scale mail.
You see here 13 gold pieces.
You now have 13 gold pieces.
You see here a scale mail.
There is a stone staircase leading down here.
You climb downwards.
You hear the sound of rushing water.
There is an entrance to a sewer on this level.
Hurry and find it before the portal rusts away!
You hear the rusting of a very distant drain.
There is a stone staircase leading up here.
A hobgoblin comes into view. It is wielding a club.
Found a shadowy altar of Dithmenos.
Grinder comes into view.
Grinder shouts!
Found a stone staircase leading down.
A quokka comes into view.
You aren't carrying any potions.
Are you sure you want to abandon this character and quit the game? (Confirm with "yes".)

## #.. .. #.#
#.# ..r
#.####.#######
>#.#
#....<....†.#
.....
##.##.#####.#
##5#.# ##.#.#
#.##
#.....#####.##.#
#..##
......§§##.###.#
#...#
#....g§@#.##
#.#######.#
##.##.§§§##
#.#.....#.#
######
#.#.#.#.#.#
#...#.#...#
#####.##### ∆ ..
#.#...#
#.#.#(#.#
#.....#.#
#######.#


You could see Grinder, a quokka (wandering) and a hobgoblin (wandering).

Vanquished Creatures
  A hound (D:3)
  A gnoll (D:3)
  3 jackals
  A kobold (D:3)
  4 rats
10 creatures vanquished.

Notes
Turn   | Place    | Note
-------+----------+-------------------------------------------
     0 | D:1      | tidbits the Gnoll Transmuter began the quest for the Orb.
     0 | D:1      | Reached XP level 1. HP: 17/17 MP: 6/6
    47 | D:2      | Reached XP level 2. HP: 12/23 MP: 5/7
   167 | D:4      | Identified the Papyrus of Dark Confrontation
   205 | D:3      | Learned a level 2 spell: Sticks to Snakes
   287 | D:3      | HP: 2/23 [hound (3)]
   288 | D:3      | Reached skill level 5 in Spellcasting
   288 | D:3      | Reached skill level 1 in Invocations
   288 | D:3      | Reached XP level 3. HP: 3/28 MP: 4/9
   291 | D:3      | Learned a level 1 spell: Sting
   326 | D:3      | Found a shadowy altar of Dithmenos.
   327 | D:3      | Noticed Grinder
   328 | D:3      | Quit the game

Skill      XL: |  1  2 |
---------------+-------+-----
Spellcasting   | 5 |  5.0
Invocations    | 1 |  1.0
Fighting       | |  2.6
Short Blades   | |  0.8
Long Blades    | |  0.8
Axes           | |  0.8
Maces & Flails | |  0.8
Polearms       | |  0.8
Staves         | |  0.8
Slings         | |  0.8
Bows           | |  0.8
Crossbows      | |  0.8
Throwing       | |  0.8
Armour         | |  0.8
Dodging        | |  4.5
Stealth        | |  0.8
Shields        | |  0.8
Unarmed Combat | |  6.5
Conjurations   | |  0.5
Hexes          | |  0.5
Charms         | |  0.5
Summonings     | |  0.5
Necromancy     | |  0.5
Translocations | |  0.5
Transmutations | |  3.7
Fire Magic     | |  0.5
Ice Magic      | |  0.5
Air Magic      | |  0.5
Earth Magic    | |  0.5
Poison Magic   | |  0.5
Evocations     | |  0.8

Action                   || total
-------------------------++-------
Melee: Unarmed           ||    26
       Headbutt          ||     1
       Bite              ||     1
       Punch             ||     1
 Cast: Beastly Appendage ||     4
       Sticks to Snakes  ||     2
  Use: Scroll            ||     1
 Stab: Sleeping          ||     1
Armor: Robe              ||     5
Dodge: Dodged            ||    25

Table legend:
 A = Turns spent in this place as a percentage of turns spent in the entire game.
 B = Non-inter-level travel turns spent in this place as a percentage of non-inter-level travel turns spent in the entire game.
 C = Inter-level travel turns spent in this place as a percentage of turns spent in this place.
 D = Turns resting spent in this place as a percentage of non-inter-level travel turns spent in this place.
 E = Turns spent auto-exploring this place as a percentage of non-inter-level travel turns spent in this place.
 F = Non-inter-level travel turns spent in this place divided by the number of levels of this place that you've seen.
                   A       B       C       D       E      F
               +-------+-------+-------+-------+-------+----------------------
         Total | 100.0 | 100.0 |   0.0 |   0.0 |   0.0 |  82.0
       Dungeon | 100.0 | 100.0 |   0.0 |   0.0 |   0.0 |  82.0
               +-------+-------+-------+-------+-------+----------------------

Table legend:
 A = Kills in this place as a percentage of kills in entire the game.
 B = Kills by you in this place as a percentage of kills by you in the entire game.
 C = Kills by friends in this place as a percentage of kills by friends in the entire game.
 D = Other kills in this place as a percentage of other kills in the entire game.
 E = Experience gained in this place as a percentage of experience gained in the entire game.
 F = Experience gained in this place divided by the number of levels of this place that you have seen.
                   A       B       C       D       E      F
               +-------+-------+-------+-------+-------+----------------------
         Total | 100.0 | 100.0 |   N/A |   N/A | 100.0 |  14.2
       Dungeon | 100.0 | 100.0 |   N/A |   N/A | 100.0 |  14.2
               +-------+-------+-------+-------+-------+----------------------

Vault maps used:
D:1:      giann_bridges
D:2:      lemuel_crystal_altar
D:3:      lemuel_upstairs_altar, cheibrodos_sewer_entry_bend,
          minmay_misc_feat_ornament, grunt_dithmenos_smoke, uniq_grinder
D:4:      kennysheep_generic_room_6, uniq_robin
